 Dungeon Crawl Stone Soup version 0.29.1-14-g9c671dbff4 (webtiles) character file.

Game seed: 11909412497695927240

156 fleeber the Slasher (level 5, -2/38 HPs)
             Began as a Merfolk Gladiator on Feb 19, 2023.
             Slain by an orc
             ... wielding a +0 hand axe
              (7 damage)
             ... on level 4 of the Dungeon.
             The game lasted 00:07:30 (3377 turns).

fleeber the Slasher (Merfolk Gladiator)             Turns: 3377, Time: 00:07:30

Health: -2/38      AC:  4    Str: 15    XL:     5   Next: 37%
Magic:  5/5        EV: 13    Int:  7    God:
Gold:   151        SH:  0    Dex: 17    Spells: 4/4 levels left

rFire   . . .      SeeInvis .   a - +0 long sword
rCold   . . .      Faith    .   (no shield)
rNeg    . . .      Spirit   .   b - +0 leather armour
rPois   .          Reflect  .   c - +0 helmet
rElec   .          Harm     .   (no cloak)
rCorr   .          Rampage  .   (no gloves)
Will    .....                   (no boots)
Stlth   +.........              (no amulet)
HPRegen 0.12/turn               (no ring)
MPRegen 0.09/turn               (no ring)

@: no status effects
A: (nimble swimmer 2), mertail
a: no special abilities


You were on level 4 of the Dungeon.
You visited 1 branch of the dungeon, and saw 4 of its levels.

You collected 151 gold pieces.

Inventory:

Hand Weapons
 a - a +0 long sword (weapon)
Missiles
 d - 3 throwing nets
 e - a javelin
 q - 3 boomerangs (quivered)
Armour
 b - a +0 leather armour (worn)
 c - a +0 helmet (worn)
Scrolls
 g - a scroll of poison
 i - a scroll of immolation {unknown}
 j - a scroll of vulnerability {unknown}
 n - a scroll of blinking {unknown}
 t - a scroll of fog {unknown}
Potions
 f - a potion of mutation {unknown}
 k - a potion of resistance {unknown}
 l - 2 potions of brilliance {unknown}
 o - a potion of attraction {unknown}
 p - a potion of haste {unknown}
 r - 2 potions of invisibility {unknown}
 s - a potion of berserk rage {unknown}


   Skills:
 - Level 2.1 Fighting
 * Level 7.1 Long Blades
 - Level 2.0 Throwing
 - Level 4.0 Dodging


You had 4 spell levels left.
You didn't know any spells.
Your spell library contained the following spells:

 Spells                   Type           Power      Damage    Failure   Level
 Static Discharge         Conj/Air       0%         3-3/arc   65%         2
 Dazzling Flash           Conj/Hex       0%         N/A       86%         3
 Frozen Ramparts          Ice            0%         1d1       86%         3
 Ozocubu's Armour         Ice            0%         N/A       86%         3
 Ice Form                 Ice/Tmut       0%         N/A       99%         4
 Iskenderun's Mystic Bla  Conj/Tloc      0%         2d3       99%         4
 Summon Ice Beast         Ice/Summ       0%         N/A       99%         4
 Lightning Bolt           Conj/Air       0%         1d11      100%        5
 Starburst                Conj/Fire      0%         6d3       100%        6
 Ozocubu's Refrigeration  Ice            0%         4d7       100%        7
 Maxwell's Capacitive Co  Air            0%         ∞         100%        8


Dungeon Overview and Level Annotations

Branches:
Dungeon (4/15)
 Temple: D:4-7

Altars:


Innate Abilities, Weirdness & Mutations

((You are very nimble when in or above water. (Stealth+, EV+, Speed+++)))
Your lower body shifts to a powerful aquatic tail in water.


Message History

The worm bites you. The orc barely misses you.
The orc priest attacks as you move away!
The orc priest hits you with a +0 mace. The orc attacks as you move away!
The orc hits you with a +0 hand axe.
* * * LOW HITPOINT WARNING * * *
The orc priest hits you but does no damage.
There is an open door here.
The air fills with toxic fumes!
As you read the scroll labelled VAITITHR ISIUJIPN, it crumbles to dust.
It was a scroll of poison.
The orc barely misses you. The orc priest barely misses you.
As you read the scroll labelled JOPSIS SAOSCHYR, it crumbles to dust.
It is a scroll of identify.
m - 2 scrolls of fear The orc closely misses you.
The orc priest hits you with a +0 mace.
* * * LOW HITPOINT WARNING * * *
As you read the scroll of fear, it crumbles to dust.
You assume a fearsome visage.
The orc priest looks frightened!
The orc looks frightened!
The worm looks frightened!
Really walk into that cloud of poison gas?
Okay, then.
You barely miss the orc priest.
Cornered, the orc priest turns to fight!
Cornered, the orc turns to fight!
You barely miss the orc priest. The orc priest closely misses you.
The orc hits you with a +0 hand axe.
* * * LOW HITPOINT WARNING * * *
You hit the orc priest but do no damage.
The orc closely misses you. The orc priest barely misses you.
Cornered, the worm turns to fight!
As you read the scroll of fear, it crumbles to dust.
You assume a fearsome visage.
The orc priest looks frightened!
The orc looks frightened!
The worm looks frightened!
You barely miss the orc priest.
Cornered, the orc turns to fight!
Cornered, the orc priest turns to fight!
You slash the orc priest!
The orc priest is severely wounded.
The orc priest hits you but does no damage.
The orc hits you with a +0 hand axe!
You die...

'..##...##### #...#
#..#......§○§°☼☼#§§§#
#..#.<.....☼☼§§§#○☼§#
#..#........§°☼°#§§○#
#..#...######§§§#§☼☼#
'..#...#... #☼§○#○°§#
#..#...#....#○☼○#§§§#
#..#...#.○☼°#§§○#○§☼#
#..#...#.○§☼○○☼§@o○§#
#..#...######§○§#ow☼#
#....)...○○○§§○§#☼§§#
#........○☼°☼°§§#§○☼§§..o.o
#....[..####○####°○§§○°○w.o
#.........°°○....§§§§☼§§...
#......).☼○§.....°§°☼☼○§...
############..#######§☼####
............... ...


You could see a worm (fleeing), an orc priest and an orc.

Vanquished Creatures
  An orc priest (D:3)
  A gnoll (D:1)
  3 adders
  2 worms (D:2)
  3 orcs
  7 endoplasms
  12 giant cockroaches
  12 goblins
  6 hobgoblins
  5 kobolds
  2 quokkas
  7 ball pythons
  8 bats
  2 frilled lizards (D:1)
  3 rats
74 creatures vanquished.

Notes
Turn   | Place    | Note
-------+----------+-------------------------------------------
     0 | D:1      | fleeber the Merfolk Gladiator began the quest for the Orb.
     0 | D:1      | Reached XP level 1. HP: 16/16 MP: 1/1
    22 | D:1      | Reached skill level 4 in Long Blades
    22 | D:1      | Reached XP level 2. HP: 5/22 MP: 2/2
   434 | D:1      | Reached skill level 5 in Long Blades
   434 | D:1      | Reached XP level 3. HP: 15/27 MP: 3/3
   994 | D:1      | Found a faded altar of an unknown god.
  1495 | D:2      | Reached XP level 4. HP: 33/33 MP: 4/4
  1719 | D:2      | Identified the +6 mace of the Nurturing Gods {pain, +Blink
                  | Stlth+}
  1900 | D:2      | Reached skill level 6 in Long Blades
  2546 | D:3      | Reached XP level 5. HP: 19/38 MP: 5/5
  2723 | D:3      | Reached skill level 7 in Long Blades
  3377 | D:4      | Slain by an orc

Illustrated notes

Levels and vault maps discovered:
D:1:      dpeg_arrival_radiant, layout_basic, basic_ecumenical_altar,
          minmay_fountain_box, minmay_circled_x
D:2:      minmay_roachtagon, layout_rooms
D:3:      layout_rooms, minmay_misc_feat_hallway, minmay_misc_feat_plants,
          dreamdust_princess_corridor
D:4:      layout_basic, gup_sewer_entry_bowl

Skill      XL: |  1  2  3  4  5 |
---------------+----------------+-----
Long Blades    | 4 5 6 7 |  7.1
Fighting       | |  2.1
Throwing       | |  2.0
Dodging        | |  4.0

Action                   |  1- 3 |  4- 6 || total
-------------------------+-------+-------++-------
Melee: Long sword        |   107 |   127 ||   234
       Punch             |       |     1 ||     1
Throw: Boomerang         |       |     5 ||     5
  Use: Scroll            |       |     4 ||     4
Armor: Leather armour    |    38 |    40 ||    78
Dodge: Dodged            |    81 |   113 ||   194
